 Dungeon Crawl Stone Soup version 0.24.0-13-gcf9b319 (webtiles) character file.

Game seed: 4599949791694411881, levelgen mode: deterministic

18505 Boetheseconed the Cleaver (level 12, -10/93 HPs)
             Began as a Demonspawn Abyssal Knight on Nov 26, 2019.
             Was a Priest of Lugonu.
             Shot with an arrow by a centaur warrior (15 damage)
             ... on level 13 of the Dungeon on Nov 27, 2019.
             The game lasted 01:58:06 (12652 turns).

Boetheseconed the Cleaver (DsAK)                   Turns: 12652, Time: 01:58:07

Health: -10/93     AC: 16    Str: 17    XL:     12   Next: 28%
Magic:  0/14       EV: 10    Int: 15    God:    Lugonu [***...]
Gold:   618        SH:  0    Dex: 16    Spells: 2/11 levels left

rFire    x . .     SeeInvis .   h - +0 battleaxe (chop)
rCold    + . .     Gourm    .   (shield currently unavailable)
rNeg     + + .     Faith    .   b - +4 chain mail
rPois    .         Spirit   +   (helmet unavailable)
rElec    .         Reflect  .   (no cloak)
rCorr    .         Harm     .   W - +0 pair of gloves
MR       .....                  (boots unavailable)
Stlth    ..........             F - amulet of guardian spirit
HPRegen  0.25/turn              V - ring of the Empire {Ice rN+ Int+2 Dex+2}
MPRegen  0.14/turn              O - ring of positive energy

@: studying Long Blades
A: claws 1, horns 3, talons 3, demonic guardian 1, spiny 1
a: Depart the Abyss, Bend Space, Banish, Renounce Religion


You were on level 13 of the Dungeon.
You worshipped Lugonu.
Lugonu was most pleased with you.
You were not hungry.

You visited 2 branches of the dungeon, and saw 14 of its levels.
You visited the Abyss 1 time.

You collected 820 gold pieces.
You spent 202 gold pieces at shops.

Inventory:

Hand Weapons
 a - a +1 mace of draining
 g - a +0 arbalest
 h - a +0 battleaxe of chopping (weapon)
 j - a +2 hand axe of freezing
Missiles
 d - 112 bolts
 x - 26 boomerangs (quivered)
Armour
 b - a +4 chain mail (worn)
 y - the +1 robe of Midsummer {Regen+}
   (You found it on level 4 of the Dungeon)

   It increases your rate of regeneration.
 G - a +0 plate armour
 H - a +3 scale mail of cold resistance
 J - a +1 robe of positive energy
 U - a +0 shield
 W - a +0 pair of gloves (worn)
Jewellery
 q - an uncursed ring of see invisible
 w - the ring "Kiarina" {Fire *Slow rN+ Str+4 Int+4}
   (You found it on level 7 of the Dungeon)

   [ring of fire]

   It enhances your fire magic.
   It affects your strength (+4).
   It affects your intelligence (+4).
   It protects you from fire.
   It makes you vulnerable to cold.
   It protects you from negative energy.
   It may slow you when you take damage.
 F - an amulet of guardian spirit (around neck)
 N - an uncursed amulet of the gourmand
 O - a ring of positive energy (right hand)
 Q - an uncursed ring of protection from fire
 V - the ring of the Empire (left hand) {Ice rN+ Int+2 Dex+2}
   (You found it on level 13 of the Dungeon)

   [ring of ice]

   It enhances your ice magic.
   It affects your intelligence (+2).
   It affects your dexterity (+2).
   It makes you vulnerable to fire.
   It protects you from cold.
   It protects you from negative energy.
 Y - an uncursed amulet of faith
 Z - an uncursed ring of ice
Wands
 D - a wand of paralysis (4)
 I - a wand of flame (24)
 M - a wand of random effects (9)
 S - a wand of clouds (3)
 T - a wand of polymorph (11)
Scrolls
 e - 2 scrolls of teleportation
 f - a scroll of magic mapping
 i - a scroll of acquirement {unknown}
 l - 5 scrolls of amnesia
 s - 3 scrolls of fear
 t - 3 scrolls of remove curse
 u - 4 scrolls of enchant weapon
 v - a scroll of noise
 B - 3 scrolls of enchant armour
 L - 2 scrolls of identify
 X - a scroll of fog {unknown}
Potions
 k - 4 potions of flight
 m - a potion of brilliance {unknown}
 p - 3 potions of agility
 r - 4 potions of might {unknown}
 z - 3 potions of berserk rage
 A - 4 potions of curing
 K - a potion of mutation {unknown}
 R - a potion of degeneration {unknown}
Books
 P - a manual of Long Blades
Miscellaneous
 o - a box of beasts
 C - a lightning rod (4/4)
Comestibles
 c - 20 rations


   Skills:
 + Level 8.3 Fighting
 + Level 11.0(11.1) Axes
 + Level 2.2(7.4) Maces & Flails
 + Level 5.8 Throwing
 + Level 7.6 Armour
 + Level 6.2 Dodging
 + Level 6.5 Stealth
 + Level 2.3 Shields
 + Level 0.3 Spellcasting
 + Level 0.2 Air Magic
 + Level 0.3 Poison Magic
 + Level 3.5 Invocations
 + Level 1.2 Evocations


You had 2 spell levels left.
You knew the following spells:

 Your Spells              Type           Power        Failure   Level  Hunger
a - Poisonous Vapours     Pois/Air       #.....       99%         2    ###....
b - Dragon Form           Tmut           #.........   100%        7    #######

Your spell library contained the following spells:

 Spells                   Type           Power        Failure   Level  Hunger
 Corona                   Hex            #......      97%         1    ##.....
 Magic Dart               Conj           #...         97%         1    ##.....
 Ensorcelled Hibernation  Hex/Ice        #.....       99%         2    ###....
 Searing Ray              Conj           #.....       99%         2    ###....
 Confuse                  Hex            #.......     100%        3    ####...
 Conjure Flame            Conj/Fire      #.......     100%        3    ####...
 Dazzling Spray           Conj/Hex       #.....       100%        3    ####...
 Mephitic Cloud           Conj/Pois/Air  #.......     100%        3    ####...
 Tukima's Dance           Hex            #.......     100%        3    ####...
 Force Lance              Conj/Tloc      #.......     100%        4    #####..
 Fulminant Prism          Conj/Hex       #.........   100%        4    #####..
 Ice Form                 Ice/Tmut       #.......     100%        4    #####..
 Iskenderun's Mystic Bla  Conj           #.......     100%        4    #####..
 Irradiate                Conj/Tmut      #.........   100%        5    ######.
 Metabolic Englaciation   Hex/Ice        #.........   100%        5    ######.
 Bolt of Cold             Conj/Ice       #.........   100%        6    #######
 Freezing Cloud           Conj/Ice/Air   #.........   100%        6    #######
 Hydra Form               Tmut           #.........   100%        6    #######
 Ozocubu's Refrigeration  Ice            #.........   100%        6    #######
 Simulacrum               Ice/Necr       #.........   100%        6    #######
 Statue Form              Tmut/Erth      #........    100%        6    #######
 Ring of Flames           Chrm/Fire      #.........   100%        7    #######


Dungeon Overview and Level Annotations

Branches:
Dungeon (13/15)            Temple (0/1) D:4            Lair (1/6) D:9
    Orc (0/2) D:12
 Vaults: D:13-14

Altars:
Ashenzari
Cheibriados
Dithmenos
Fedhas
Kikubaaqudgha
Lugonu

Shops:
D:4 [   D:6 [[::%   D:7 (   D:8 !   D:10 [   D:11 ?

Annotations:
D:10 corrupted
D:13 corrupted


Innate Abilities, Weirdness & Mutations

You have sharp fingernails.
You have a pair of large horns on your head.
You have claws for feet.
A weak demonic guardian rushes to your aid.
You are partially covered in sharp spines.


Message History

The skeletal warrior is struck by your spines.
The skeletal warrior hits you with a +0 hand axe!
* * * LOW HITPOINT WARNING * * *
You hit the skeletal warrior but do no damage.
You claw the skeletal warrior, but do no damage.
The skeletal warrior is severely damaged.
You closely miss the centaur warrior. The centaur warrior hits you!
* * * LOW HITPOINT WARNING * * *
The centaur warrior hits you.
* * * LOW HITPOINT WARNING * * *
The skeletal warrior barely misses you.
The centaur warrior wields a +0 shortbow.
The centaur warrior shoots an arrow.
The arrow hits you but does no damage.
You see here an arrow.
Aiming: Paralyse
Press: ? - help, Shift-Dir - straight line, f - skeletal warrior
Aim: a skeletal warrior, wielding a +0 hand axe (severely damaged, chance to defeat MR: 2%)
The skeletal warrior resists with almost no effort.
The centaur warrior shoots an arrow.
The arrow hits you!
You die...

..............'..........#....
..............#.[........#....
..............#..........#....
.######.####..############....
#....#........#.........
#....#...............<..
#....#........#.........
#....#........#.........
#....#.@z)..............
#....#..()(............#
#....####c.###.###..#.##
######...c##.....#......
.......####...####....
......###.##.##[##...#
......#.##.#.#.##.#.##
czc...#..##.#.##..###.
.cc##.......#......#..


You could see a skeletal warrior, a centaur warrior and a centaur.

Vanquished Creatures
  5 two-headed ogres
  A skeletal warrior (D:13)
  An unseen horror (D:12)
  Pikel (D:8)
  A manticore (D:12)
  A cyclops (D:12)
  Maurice (D:8)
  A centaur zombie (D:12)
  A gargoyle (D:11)
  Psyche (D:8)
  The ghost of crux the Insei, a novice OpTm (D:5)
  A kobold demonologist (D:8)
  2 trolls
  A hornet (D:12)
  A raiju (shapeshifter) (D:10)
  A blink frog (Lair:1)
  2 dream sheep (D:10)
  2 shadows (D:12)
  A wyvern (D:8)
  5 yaks
  4 vampire mosquitoes (D:12)
  A steam dragon (shapeshifter) (D:12)
  A soldier ant (D:12)
  6 ice beasts
  4 sky beasts
  A black bear (D:8)
  A slave (D:8)
  2 necrophages (D:10)
  5 ogres
  4 phantoms
  5 orc warriors
  An eye of draining (D:9)
  7 centaurs
  2 crocodiles
  6 big kobolds
  5 bullfrogs
  2 gnoll sergeants (D:10)
  2 wyvern skeletons (D:12)
  7 scorpions
  3 killer bees (D:11)
  An electric eel (D:12)
  5 wights (D:11)
  5 howler monkeys
  5 crimson imps
  4 jellies
  A quasit (D:9)
  3 hounds
  A gnoll shaman (D:4)
  6 orc priests
  9 orc wizards
  2 iguanas
  7 worker ants
  Ijyb (D:5)
  A hound zombie (D:6)
  A hound skeleton (D:9)
  A worker ant zombie (D:5)
  13 adders
  13 gnolls
  A howler monkey skeleton (D:10)
  5 shadow imps
  2 white imps (D:7)
  2 oozes
  2 adder zombies
  4 worms
  2 dart slugs
  An adder simulacrum (D:7)
  7 leopard geckos
  31 orcs
  3 giant cockroaches
  9 goblins
  7 hobgoblins
  6 jackals
  8 quokkas
  2 ball pythons
  3 bats
  9 frilled lizards
  A jackal skeleton (D:4)
  37 kobolds
  11 kobold skeletons (D:8)
  7 kobold zombies (D:8)
  A leopard gecko simulacrum (D:7)
  A leopard gecko skeleton (D:4)
  10 rats
351 creatures vanquished.

Vanquished Creatures (collateral kills)
  A hydra (D:11)
  A two-headed ogre (D:8)
  The ghost of Icepheonix32 the Magician, a novice DrEE of the Shining One (D:7)
  A yak (D:9)
  A hungry ghost (D:11)
  An ice beast (D:7)
  2 ogres
  2 sky beasts (D:5)
  A killer bee (D:11)
  3 howler monkeys
  A bullfrog skeleton (D:5)
  A hound (D:5)
  2 orc priests
  An iguana (D:11)
  A worker ant zombie (D:6)
  2 adders (D:11)
  A white imp (D:7)
  An adder zombie (D:5)
  An orc (D:7)
  A quokka (D:8)
  2 kobolds (D:8)
  A leopard gecko zombie (D:5)
29 creatures vanquished.

Vanquished Creatures (others)
  A fire dragon (D:13)
  2 hydras
  A centaur warrior (D:13)
  A tengu warrior (D:13)
  A deep elf archer (D:13)
  An ugly thing (D:13)
  A gargoyle (D:13)
  A centaur skeleton (D:13)
  A yaktaur (D:13)
  A freezing wraith (D:13)
  2 trolls (D:13)
  A hornet (D:13)
  2 vampires (D:13)
  A wyvern (D:13)
  A centaur simulacrum (D:13)
  A yak (D:13)
  A hungry ghost (D:8)
  A soldier ant (shapeshifter) (D:13)
  A sky beast (D:13)
  An orc warrior (D:13)
  A phantom (D:13)
  An ogre (D:13)
  A necrophage (D:13)
  A centaur (D:13)
  A big kobold (D:10)
  2 bullfrogs
  3 shadow imps (D:13)
  4 fungi (D:9)
  10 plants
47 creatures vanquished.

Grand Total: 427 creatures vanquished

Notes
Turn   | Place    | Note
-------+----------+-------------------------------------------
     0 | Abyss:1  | Boetheseconed the Demonspawn Abyssal Knight began the quest
                  | for the Orb.
     0 | Abyss:1  | Reached XP level 1. HP: 18/18 MP: 2/2
    36 | Abyss:1  | Noticed a spatial maelstrom
    40 | Abyss:1  | Noticed a starcursed mass
   105 | Abyss:3  | Noticed a crimson imp
   106 | Abyss:3  | Noticed a raiju
   109 | Abyss:4  | Found a corrupted altar of Lugonu.
   116 | Abyss:4  | Found an ornate altar of the Wu Jian Council.
   121 | Abyss:4  | Noticed a neqoxec
   122 | Abyss:4  | Noticed a large abomination
   131 | D:1      | Escaped the Abyss
   236 | D:1      | Reached * piety under Lugonu
   414 | D:1      | Gained mutation: You are partially covered in sharp spines.
                  | [demonic ancestry]
   414 | D:1      | Reached XP level 2. HP: 19/24 MP: 3/3
   449 | D:1      | Reached skill level 1 in Dodging
   825 | D:2      | Gained mutation: A weak demonic guardian rushes to your
                  | aid. [demonic ancestry]
   825 | D:2      | Reached XP level 3. HP: 21/29 MP: 5/5
  1230 | D:2      | Gained mutation: You have sharp toenails. [demonic
                  | ancestry]
  1230 | D:2      | Reached XP level 4. HP: 29/37 MP: 6/6
  1702 | D:3      | Reached skill level 1 in Axes
  1760 | D:3      | Reached ** piety under Lugonu
  1999 | D:3      | Reached XP level 5. HP: 40/42 MP: 7/7
  2196 | D:3      | Found a faded altar of an unknown god.
  2381 | D:4      | Got a steaming robe
  2392 | D:4      | Identified the +1 robe of Midsummer {Regen+} (You found it
                  | on level 4 of the Dungeon)
  2400 | D:4      | Noticed an ogre
  2408 | D:4      | Killed an ogre
  2408 | D:4      | Reached skill level 2 in Axes
  2666 | D:4      | Gained mutation: You have a pair of small horns on your
                  | head. [demonic ancestry]
  2666 | D:4      | Reached XP level 6. HP: 32/48 MP: 8/8
  2685 | D:4      | Reached skill level 3 in Axes
  2685 | D:4      | Reached skill level 1 in Throwing
  2820 | D:4      | Found Soreokly's Antique Armour Shoppe.
  2828 | D:4      | Bought a shiny scale mail for 147 gold pieces
  2849 | D:4      | Found a staircase to the Ecumenical Temple.
  3113 | D:5      | Entered Level 5 of the Dungeon
  3113 | D:5      | Noticed a sky beast
  3120 | D:5      | Killed a sky beast
  3120 | D:5      | Reached skill level 1 in Stealth
  3157 | D:5      | Gained mutation: You have a pair of horns on your head.
                  | [demonic ancestry]
  3157 | D:5      | Reached XP level 7. HP: 39/54 MP: 9/9
  3206 | D:5      | Found a shadowy altar of Dithmenos.
  3220 | D:5      | Reached skill level 4 in Axes
  3223 | D:5      | Reached *** piety under Lugonu
  3242 | D:5      | Noticed Ijyb
  3251 | D:5      | Killed Ijyb
  3403 | D:5      | Reached skill level 5 in Axes
  3403 | D:5      | Reached XP level 8. HP: 20/61 MP: 10/10
  3579 | D:5      | Found a runed translucent gate.
  3579 | D:5      | Found a runed translucent gate.
  3579 | D:5      | Found a runed translucent gate.
  3579 | D:5      | Noticed crux's ghost (novice OpTm)
  3666 | D:5      | Killed crux's ghost
  3874 | D:6      | Found Vosiapp's Armour Shop.
  3874 | D:6      | Found Vuesam's Book Boutique.
  3886 | D:6      | Reached skill level 5 in Fighting
  3922 | D:6      | Found Vinaroug's Book Shoppe.
  3961 | D:6      | Found Laungas's Antique Armour Shop.
  4005 | D:6      | Found a snail-covered altar of Cheibriados.
  4267 | D:6      | Reached skill level 6 in Axes
  4363 | D:6      | Found Efuakual's Food Shoppe.
  4663 | D:7      | Reached **** piety under Lugonu
  4728 | D:7      | Gained mutation: You have a pair of large horns on your
                  | head. [demonic ancestry]
  4728 | D:7      | Reached XP level 9. HP: 68/68 MP: 11/11
  4795 | D:7      | Noticed Icepheonix32's ghost (novice DrEE)
  4919 | D:7      | Found a runed translucent gate.
  4919 | D:7      | Found a runed translucent gate.
  4919 | D:7      | Found a runed translucent gate.
  4927 | D:7      | Learned a level 2 spell: Poisonous Vapours
  4952 | D:7      | Killed Icepheonix32's ghost
  4952 | D:7      | Reached skill level 7 in Axes
  5077 | D:7      | Found Lausch's Antique Weapon Boutique.
  5259 | D:7      | Got the ring "Kiarina" {Fire}
  5266 | D:7      | Identified the ring "Kiarina" {Fire *Slow rN+ Str+4 Int+4}
                  | (You found it on level 7 of the Dungeon)
  5485 | D:8      | Noticed Pikel
  5494 | D:8      | Paralysed by Pikel for 3 turns
  5514 | D:8      | Killed Pikel
  5521 | D:8      | Noticed a two-headed ogre
  5536 | D:8      | Killed a two-headed ogre
  5536 | D:8      | Reached skill level 8 in Axes
  5570 | D:8      | Noticed Maurice
  5583 | D:8      | Killed Maurice
  5593 | D:8      | Noticed a two-headed ogre
  5602 | D:8      | Killed a two-headed ogre
  5602 | D:8      | Gained mutation: You have razor-sharp toenails. [demonic
                  | ancestry]
  5602 | D:8      | Reached XP level 10. HP: 51/77 MP: 7/12
  5918 | D:8      | Found Owkuit's Distillery.
  5926 | D:8      | Bought a potion of heal wounds for 55 gold pieces
  6095 | D:8      | Reached skill level 9 in Axes
  6153 | D:8      | Noticed Psyche
  6163 | D:8      | Killed Psyche
  6272 | D:8      | Noticed a rust devil
  6286 | D:8      | Reached ***** piety under Lugonu
  6331 | D:8      | Reached skill level 5 in Dodging
  6373 | D:8      | Found an ancient bone altar of Kikubaaqudgha.
  6651 | D:9      | Found a shattered altar of Ashenzari.
  6694 | D:9      | Learned a level 7 spell: Dragon Form
  6787 | D:9      | Found a blossoming altar of Fedhas.
  7000 | D:9      | Reached skill level 10 in Axes
  7298 | D:9      | Found a staircase to the Lair.
  7330 | Lair:1   | Entered Level 1 of the Lair of Beasts
  7438 | D:9      | Gained mutation: You have claws for feet. [demonic
                  | ancestry]
  7438 | D:9      | Reached XP level 11. HP: 81/84 MP: 13/13
  7717 | D:10     | Entered Level 10 of the Dungeon
  7753 | D:10     | Noticed a two-headed ogre
  7768 | D:10     | Killed a two-headed ogre
  7768 | D:10     | Reached skill level 5 in Armour
  7768 | D:10     | Reached skill level 5 in Stealth
  7857 | D:10     | Found Ruako's Armour Emporium.
  8260 | D:10     | Noticed a three-headed hydra
  8261 | D:10     | Corrupted D:10
  8261 | D:10     | Noticed a large abomination
  8261 | D:10     | Noticed a thrashing horror
  8261 | D:10     | Noticed a thrashing horror
  8261 | D:10     | Noticed a starcursed mass
  8261 | D:10     | Noticed an orb spider
  8261 | D:10     | Noticed a sixfirhy
  8263 | D:10     | Noticed a starcursed mass
  8263 | D:10     | Noticed a thrashing horror
  8263 | D:10     | Killed a three-headed hydra
  9328 | D:11     | Noticed a four-headed hydra
  9342 | D:11     | Killed a nine-headed hydra
  9651 | D:11     | Reached skill level 1 in Shields
  9883 | D:11     | Found Xonad's Magic Scroll Shop.
 10037 | D:12     | Found a staircase to the Orcish Mines.
 10062 | D:12     | Reached skill level 1 in Evocations
 10410 | D:12     | Reached skill level 5 in Throwing
 10448 | D:12     | Noticed a two-headed ogre
 10457 | D:12     | Killed a two-headed ogre
 10504 | D:12     | Noticed a two-headed ogre
 10511 | D:12     | Killed a two-headed ogre
 10800 | D:12     | Gained mutation: You have sharp fingernails. [demonic
                  | ancestry]
 10800 | D:12     | Reached XP level 12. HP: 52/92 MP: 7/14
 11103 | D:12     | Noticed a two-headed ogre
 11115 | D:12     | Killed a two-headed ogre
 11140 | D:12     | Reached skill level 11 in Axes
 11422 | D:13     | Corrupted D:13
 11422 | D:13     | Noticed a fire dragon
 11422 | D:13     | Noticed a tengu warrior
 11422 | D:13     | Noticed a centaur warrior
 11422 | D:13     | Noticed a bone dragon
 11422 | D:13     | Noticed a starcursed mass
 11422 | D:13     | Noticed a four-headed hydra
 11431 | D:13     | Killed a five-headed hydra
 11432 | D:13     | Killed a tengu warrior
 11435 | D:13     | Killed a centaur warrior
 11446 | D:13     | Killed a fire dragon
 11471 | D:13     | Noticed a black draconian
 11510 | D:13     | Got a fine bone ring
 11847 | D:13     | Identified the ring of the Empire {Ice rN+ Int+2 Dex+2}
                  | (You found it on level 13 of the Dungeon)
 11886 | D:13     | HP: 1/93 [skeletal warrior/+0 dire flail (20)]
 12625 | D:13     | Noticed a centaur warrior
 12650 | D:13     | HP: 4/93 [centaur warrior (3)]
 12652 | D:13     | Shot with an arrow by a centaur warrior

Levels and vault maps discovered:
D:1:      zaba_arrival_water, layout_rooms, chequers_serial_rivers_micro_d,
          amethyst_killhole, minmay_hedge_maze
D:2:      layout_basic
D:3:      layout_loops_corners, chequers_ecumenical_altar_simple
D:4:      layout_basic, minmay_temple_entry_wispy, serial_shops, shop,
          first_ration
D:5:      layout_rooms, nicolae_dithmenos_shadow_blocks,
          gammafunk_ghost_necromancy, uniq_ijyb
D:6:      layout_gridville, slow_altar_1, serial_shops,
          nicolae_shop_statue_plus, shop, shop, nicolae_shop_crystal,
          nicolae_shop_competitors_out_of_business
D:7:      layout_loops_ring, serial_shops, shop, gammafunk_ghost_icy
D:8:      wander_kiku_kobolds, layout_basic, serial_shops, shop, uniq_psyche,
          uniq_maurice, uniq_pikel
D:9:      layout_roguey, ashenzari_altar_1, nicolae_overflow_hidden_temple,
          grunt_lair_entry_orc_guard_hut
D:10:     layout_rooms, serial_shops, nicolae_shop_waterfront, hangedman_ranch
          [blue_anna_fruit_fields]
D:11:     layout_big_octagon, serial_shops, nicolae_shop_behind_doors,
          chequers_serial_rivers_marsh
D:12:     layout_gridville, orc_0_dummy, chequers_serial_rivers_micro_a,
          minmay_crystal_water
D:13:     minmay_the_grid_octo_triangle [minmay_the_grid_octo_clover_2,
          minmay_the_grid_octo_prize_star, minmay_the_grid_octo_focus],
          layout_grid_maze, uniq_kirke
Lair:1:   layout_regular_city, uniq_sonja, uniq_harold

Skill      XL: |  1  2  3  4  5  6  7  8  9 10 11 12 |
---------------+-------------------------------------+-----
Dodging        | 1 2 3 4 5 6 |  6.2
Armour         | 2 3 4 7 |  7.6
Maces & Flails | 2 |  2.2
Axes           | 1 2 3 5 6 8 10 11 | 11.0
Fighting       | 4 5 6 7 8 |  8.3
Throwing       | 1 2 3 4 5 |  5.8
Stealth        | 1 2 3 4 6 |  6.5
Invocations    | 3 |  3.5
Shields        | 1 2 |  2.3
Evocations     | 1 |  1.2
Spellcasting   | |  0.3
Air Magic      | |  0.2
Poison Magic   | |  0.3

Action                   |  1- 3 |  4- 6 |  7- 9 | 10-12 || total
-------------------------+-------+-------+-------+-------++-------
Melee: Mace              |    31 |       |       |       ||    31
       Hand axe          |    45 |   123 |   175 |   590 ||   933
       Kick              |       |    30 |    49 |   179 ||   258
       Headbutt          |       |    10 |    30 |   104 ||   144
       Battleaxe         |       |       |       |    19 ||    19
Throw: Boomerang         |       |    23 |    16 |    90 ||   129
       Throwing net      |       |     1 |     1 |       ||     2
Invok: Depart the Abyss  |     1 |       |       |       ||     1
       Corrupt           |       |       |       |     2 ||     2
Evoke: Wand              |       |       |       |    20 ||    20
  Use: Potion            |       |     2 |     2 |     9 ||    13
       Scroll            |       |     1 |    14 |    10 ||    25
 Stab: Sleeping          |       |     1 |     3 |     3 ||     7
       Distracted        |       |       |     3 |     8 ||    11
       Invisible         |       |       |       |     8 ||     8
       Paralysed         |       |       |       |     2 ||     2
  Eat: Chunk             |       |     4 |     7 |    14 ||    25
       Ration            |       |     1 |       |     4 ||     5
Armor: Leather armour    |    14 |       |       |       ||    14
       Chain mail        |     9 |    29 |       |     6 ||    44
       Robe              |       |     6 |    24 |       ||    30
       Scale mail        |       |       |    17 |   163 ||   180
       Skin              |       |       |       |    60 ||    60
Dodge: Dodged            |    49 |    43 |    80 |   249 ||   421
Block: Shield            |       |       |       |    62 ||    62
